[Event "Titled Tuesday Blitz January 03 Early 2023"]
[White "Gonzalez, Francisco Silva"]
[Black "Aung Thant Zin"]
[WhiteFideId "1512285"]
[BlackFideId "13000063"]
[WhiteElo "2021"]
[BlackElo "2268"]
[Result "0-1"]
[Round "05"]
[TimeControl "180+2"]
[Date "2023.01.03"]
[WhiteClock "0:01:48"]
[BlackClock "0:00:57"]

1. d4 d5 2. c4 e6 3. Nc3 Nf6 4. Bg5 Ke7 5. Qb3 c6 6. e3 h6 7. Bh4 g6 8. e4 g5 9. e5 gxh4 10. exf6+ Kxf6 11. Nf3 Nd7 12. Nxh4 Kg7 13. Nf3 Be7 14. h4 Bf6 15. O-O-O dxc4 16. Bxc4 Nb6 17. g4 Nd5 18. Ne4 Be7 19. g5 h5 20. Ng3 b5 21. Bd3 a5 22. Ne5 a4 23. Qc2 Bb7 24. Qd2 Bb4 25. Qe2 a3 26. Qf3 axb2+ 27. Kxb2 Ba3+ 28. Kb3 Qe7 29. Ne4 Qb4+ 30. Kc2 Qb2# 0-1


[Site "https://www.chess.com"]

[Event "Titled Tuesday Blitz January 03 Early 2023"]
[White "De Souza, Cristiano Gomes"]
[Black "Melikhov, Evgeny V."]
[WhiteFideId "2151758"]
[BlackFideId "4122046"]
[WhiteElo "2018"]
[BlackElo "2269"]
[Result "1/2-1/2"]
[Round "05"]
[TimeControl "180+2"]
[Date "2023.01.03"]
[WhiteClock "0:01:33"]
[BlackClock "0:00:59"]

1. d4 Nf6 2. c4 e6 3. Nf3 d5 4. Nc3 Bb4 5. Bg5 h6 6. Bxf6 Qxf6 7. Rc1 O-O 8. e3 Nc6 9. Be2 dxc4 10. Bxc4 Bd6 11. O-O e5 12. Ne4 Qe7 13. Nxd6 cxd6 14. dxe5 dxe5 15. Bd5 Bg4 16. h3 Bxf3 17. Qxf3 Rab8 18. Bxc6 bxc6 19. b3 c5 20. Rc4 Rb4 21. Rfc1 Rxc4 22. Rxc4 Rd8 23. Qc6 Rd2 24. Rxc5 Rxa2 25. Qc8+ Kh7 26. Qf5+ g6 27. Qxe5 Qxe5 28. Rxe5 Rb2 29. Re7 Kg7 30. Rxa7 Rxb3 31. Kh2 h5 32. Kg3 Rc3 33. Kf3 Rb3 34. g4 hxg4+ 35. hxg4 Rc3 36. Kf4 Rc2 37. f3 Rc5 38. e4 g5+ 39. Ke3 Kg6 40. Rd7 f6 41. Rd5 Rc4 42. Rd6 Rc5 43. Kd4 Ra5 44. Rd5 Ra4+ 45. Ke3 Rb4 46. Rd6 Rb5 47. f4 gxf4+ 48. Kxf4 Ra5 49. Re6 Rb5 50. e5 Rxe5 51. Rxe5 fxe5+ 52. Kxe5 Kg5 53. Ke4 Kxg4 1/2-1/2


[Site "https://www.chess.com"]

[Event "Titled Tuesday Blitz January 03 Early 2023"]
[White "Larina, Maria"]
[Black "Wilson, Elvin"]
[WhiteFideId "24113182"]
[BlackFideId "2014874"]
[WhiteElo "1948"]
[BlackElo "2183"]
[Result "0-1"]
[Round "05"]
[TimeControl "180+2"]
[Date "2023.01.03"]
[WhiteClock "0:00:10"]
[BlackClock "0:00:13"]

1. e4 e6 2. d4 d5 3. Nc3 Bb4 4. exd5 exd5 5. Bd3 Nf6 6. Ne2 O-O 7. O-O Re8 8. h3 Nbd7 9. a3 Be7 10. Bf4 c6 11. Qd2 Nf8 12. Bh2 Ng6 13. Nf4 Nxf4 14. Qxf4 Be6 15. Ne2 Qb6 16. b4 Rad8 17. c3 Rd7 18. Rfe1 Qd8 19. Ng3 Bd6 20. Qf3 Rde7 21. Re2 Bxg3 22. Bxg3 Ne4 23. Bxe4 dxe4 24. Qe3 Bc4 25. Ree1 Qd5 26. Be5 f6 27. Bg3 Qf7 28. h4 Rf8 29. Qf4 Bd5 30. a4 h6 31. a5 a6 32. Re3 f5 33. Ree1 Qh5 34. Qd6 Re6 35. Qc7 Rf7 36. Qd8+ Kh7 37. Re3 f4 38. Bxf4 Rxf4 39. Rg3 Rg6 40. Rxg6 Qxg6 41. Re1 e3 42. f3 Rxf3 43. Re2 Rf2 44. Rxf2 exf2+ 45. Kxf2 Qxg2+ 46. Ke3 Qf3+ 47. Kd2 Be4 48. Qd6 Qd3+ 49. Ke1 Qxc3+ 50. Kf2 Qf3+ 51. Ke1 Qe3+ 52. Kf1 Bf3 53. Qg3 Qe2+ 54. Kg1 Qe4 55. Kf2 Bh5 56. Qh3 Qxd4+ 57. Ke1 Qxb4+ 58. Kf2 Qd4+ 59. Ke1 Qe5+ 60. Kd2 Qxa5+ 61. Ke3 Qe5+ 62. Kf2 c5 63. Qd3+ Bg6 64. Qg3 Qd4+ 65. Ke1 c4 66. Qf2 Qd3 67. Qd2 Qe4+ 68. Kd1 Qd3 69. Qxd3 Bxd3 70. Kd2 Kg6 71. Kc3 Kh5 72. Kb4 Kxh4 73. Kc5 Kg3 74. Kd4 h5 75. Ke3 h4 76. Kd2 h3 77. Kc3 h2 78. Kd4 h1=Q 79. Ke3 Qf3+ 0-1


[Site "https://www.chess.com"]

[Event "Titled Tuesday Blitz January 03 Early 2023"]
[White "Fajdetic, Hrvoje"]
[Black "Matveeva, Olga"]
[WhiteFideId "14501945"]
[BlackFideId "24107018"]
[WhiteElo "2151"]
[BlackElo "2128"]
[Result "1/2-1/2"]
[Round "05"]
[TimeControl "180+2"]
[Date "2023.01.03"]
[WhiteClock "0:00:11"]
[BlackClock "0:00:08"]

1. d4 d5 2. Bf4 Nf6 3. e3 c5 4. Nc3 e6 5. Nb5 Na6 6. c3 Be7 7. a4 O-O 8. Nf3 Bd7 9. Ne5 Bc6 10. g4 Ne4 11. Bd3 Bh4 12. Bxe4 dxe4 13. Nxc6 bxc6 14. Nd6 cxd4 15. cxd4 Nb4 16. Nxe4 Qd5 17. Qb1 f5 18. gxf5 exf5 19. Bd6 fxe4 20. Bxb4 Bxf2+ 21. Kd1 Bxe3 22. Qa2 Bxd4 23. Bxf8 Rxf8 24. Re1 Bxb2+ 25. Qxd5+ cxd5 26. Rb1 Bc3 27. Re3 Bd4 28. Rg3 Rf1+ 29. Kc2 Rf2+ 30. Kd1 Rxh2 31. Rg5 e3 32. Rxd5 e2+ 33. Kd2 Bf6 34. Re1 Bg5+ 35. Kd3 Bh4 36. Rxe2 Rh3+ 37. Re3 Rxe3+ 38. Kxe3 h6 39. Rd7 a5 40. Rd5 Be1 41. Kf3 Kf7 42. Rd6 h5 43. Kf4 h4 44. Kg4 Bg3 45. Ra6 Be1 46. Kh3 g6 47. Kg4 Kg7 48. Rc6 Kh6 49. Re6 Bg3 50. Ra6 Be1 51. Re6 Bg3 52. Ra6 Be1 53. Re6 1/2-1/2


[Site "https://www.chess.com"]

[Event "Titled Tuesday Blitz January 03 Early 2023"]
[White "Butolo, Alexandru-Mircea"]
[Black "Liu, Kelsey"]
[WhiteFideId "1261649"]
[BlackFideId "30944481"]
[WhiteElo "2033"]
[BlackElo "2065"]
[Result "0-1"]
[Round "05"]
[TimeControl "180+2"]
[Date "2023.01.03"]
[WhiteClock "0:00:01"]
[BlackClock "0:00:55"]

1. e4 c5 2. Nf3 e6 3. g3 Nc6 4. Bg2 Nf6 5. Qe2 e5 6. O-O Be7 7. d3 O-O 8. Nc3 d6 9. Bg5 Be6 10. Nd2 Rc8 11. a4 Nxe4 12. Ndxe4 Bxg5 13. f4 Be7 14. f5 Nd4 15. Qh5 Nxf5 16. Rxf5 g6 17. Rg5 Bxg5 18. Qxg5 Qxg5 19. Nxg5 Kg7 20. Nb5 Rfd8 21. Bxb7 Rb8 22. Bg2 Bf5 23. Bd5 Rd7 24. Rf1 h6 25. Ne4 Bxe4 26. dxe4 a6 27. Nc3 Rxb2 28. Bc6 Rc7 29. Bd5 Rxc2 30. Nd1 Ra2 0-1


[Site "https://www.chess.com"]

[Event "Titled Tuesday Blitz January 03 Early 2023"]
[White "Herman, Daniel"]
[Black "Tuleyeva-Aketayeva, Dana"]
[WhiteFideId "30935008"]
[BlackFideId "13701932"]
[WhiteElo "1956"]
[BlackElo "2130"]
[Result "1-0"]
[Round "05"]
[TimeControl "180+2"]
[Date "2023.01.03"]
[WhiteClock "0:00:36"]
[BlackClock "0:00:02"]

1. c4 c5 2. Nc3 g6 3. e3 Bg7 4. d4 cxd4 5. exd4 d6 6. Be3 Nf6 7. Be2 O-O 8. h3 Nc6 9. Nf3 b6 10. O-O Bb7 11. d5 Ne5 12. Nxe5 dxe5 13. Qd2 Rc8 14. Rfd1 Ne8 15. Rac1 Nd6 16. b3 Nf5 17. Nb5 a6 18. Nc3 Qc7 19. Ne4 Nxe3 20. Qxe3 f5 21. Ng5 Bh6 22. Qg3 f4 23. Qg4 Bxg5 24. Qxg5 Rf5 25. Qh4 Rcf8 26. Bg4 R5f6 27. Be6+ Kg7 28. b4 e4 29. Re1 Qe5 30. Qg4 h5 31. Qe2 Qg5 32. Qxe4 f3 33. g3 h4 34. Qxh4 Qxh4 35. gxh4 Rf4 36. Bg4 Kf6 37. Re6+ Kf7 38. Rce1 Re8 39. Rxb6 Bc8 40. Bxc8 Rxc8 41. c5 Rxh4 42. Rb7 Rxh3 43. Rexe7+ Kf6 44. Rh7 Rxh7 45. Rxh7 Rb8 46. a3 a5 47. bxa5 Rb1+ 48. Kh2 Rb2 49. Kg3 Ra2 50. d6 Rxa3 51. d7 Rd3 52. c6 1-0


[Site "https://www.chess.com"]

[Event "Titled Tuesday Blitz January 03 Early 2023"]
[White "Fernandez Hernandez, Gerardo"]
[Black "Donskov, Anatoly"]
[WhiteFideId "2207400"]
[BlackFideId "24143413"]
[WhiteElo "2181"]
[BlackElo "2279"]
[Result "1-0"]
[Round "05"]
[TimeControl "180+2"]
[Date "2023.01.03"]
[WhiteClock "0:00:27"]
[BlackClock "0:00:03"]

1. e4 c5 2. d3 e6 3. g3 d5 4. Nd2 Nc6 5. Bg2 d4 6. Ne2 f5 7. exf5 exf5 8. O-O Nf6 9. Re1 Be7 10. Bxc6+ bxc6 11. Nc4 O-O 12. Nf4 Nd5 13. Ne6 Bxe6 14. Rxe6 Qd7 15. Qe1 Bf6 16. Bd2 Rae8 17. Re2 f4 18. Rxe8 Rxe8 19. Qf1 f3 20. Re1 Rxe1 21. Qxe1 h5 22. h4 Kh7 23. Qe4+ g6 24. Qxf3 Qe6 25. Kg2 Bg7 26. Bf4 Nb6 27. Nxb6 axb6 28. b3 b5 29. Qe4 Qd7 30. Be5 Bh6 31. Bf6 Bf8 32. Qf4 Qd5+ 33. Qe4 Kg8 34. Qxd5+ cxd5 35. Kf3 Bd6 36. Bg5 Kf7 37. Bf4 Be7 38. Bc7 Ke6 39. a4 bxa4 40. bxa4 c4 41. a5 Bc5 42. Bb6 Bd6 43. a6 Bb8 44. a7 Bxa7 45. Bxa7 cxd3 1-0


[Site "https://www.chess.com"]

[Event "Titled Tuesday Blitz January 03 Early 2023"]
[White "Hernandez Bonilla, Amelia"]
[Black "Forgacs, Attila Jr."]
[WhiteFideId "3900193"]
[BlackFideId "773654"]
[WhiteElo "1960"]
[BlackElo "2264"]
[Result "0-1"]
[Round "05"]
[TimeControl "180+2"]
[Date "2023.01.03"]
[WhiteClock "0:00:01"]
[BlackClock "0:00:03"]

1. d4 Nf6 2. Bf4 g6 3. Nc3 d5 4. e3 Bg7 5. Nf3 O-O 6. Be2 c5 7. O-O cxd4 8. exd4 Nc6 9. h3 Bf5 10. a3 Rc8 11. Rc1 Qd7 12. Re1 Ne4 13. Nxe4 dxe4 14. Ne5 Qxd4 15. Nxc6 Rxc6 16. Qxd4 Bxd4 17. c3 Bf6 18. Rcd1 Rb6 19. Rd2 a6 20. Red1 Rc8 21. Be3 Rbc6 22. Bg4 Bxg4 23. hxg4 R6c7 24. Bh6 e6 25. Re2 Bg7 26. Bxg7 Kxg7 27. Rxe4 Kf6 28. f4 Rc5 29. Rd7 Rb5 30. Re2 Rc4 31. g3 Kg7 32. Red2 Re4 33. Kf2 Kf6 34. Kf3 Re1 35. Rc7 e5 36. Rd6+ Kg7 37. Rdd7 e4+ 38. Kf2 Rh1 39. Rxf7+ Kg8 40. Rfe7 Rxb2+ 41. Ke3 Re1+ 42. Kd4 Rd2+ 43. Ke5 Rd8 44. Rg7+ Kf8 45. Rcf7+ Ke8 46. Rxb7 Kf8 47. Rxh7 Kg8 48. Rbg7+ Kf8 49. Ra7 Kg8 50. Kf6 Rd6+ 51. Kg5 Rd8 52. f5 gxf5 53. gxf5 Rg1 54. f6 Rxg3+ 55. Kf4 Rf3+ 56. Kxe4 Rxf6 57. Rag7+ Kf8 58. Ra7 Kg8 59. Rhd7 Rxd7 60. Rxd7 Rc6 61. Kd4 Kf8 62. c4 Ke8 63. Ra7 Kd8 64. Kd5 Rg6 65. c5 Kc8 66. Re7 Rh6 67. Re6 Rh1 0-1


[Site "https://www.chess.com"]

[Event "Titled Tuesday Blitz January 03 Early 2023"]
[White "Ivanova, Karina"]
[Black "Ocelak, Jakub"]
[WhiteFideId "24139750"]
[BlackFideId "23707933"]
[WhiteElo "2085"]
[BlackElo "2198"]
[Result "1/2-1/2"]
[Round "05"]
[TimeControl "180+2"]
[Date "2023.01.03"]
[WhiteClock "0:00:34"]
[BlackClock "0:00:04"]

1. Nf3 c5 2. c4 Nf6 3. d4 cxd4 4. Nxd4 g6 5. g3 Bg7 6. Bg2 O-O 7. Nc3 Qc7 8. b3 d5 9. Nxd5 Nxd5 10. Bxd5 Rd8 11. Bg5 Qe5 12. Be3 e6 13. Bg2 Rxd4 14. Bxd4 Qxd4 15. Qxd4 Bxd4 16. Rd1 Bc3+ 17. Kf1 Nd7 18. Bf3 Bf6 19. Kg2 Ne5 20. Be4 Rb8 21. h4 h5 22. e3 b6 23. f4 Ng4 24. Kf3 Be7 25. Bc6 Bc5 26. Rd8+ Kg7 27. Re1 e5 28. e4 Nh2+ 29. Kg2 Ng4 30. Bd7 Bxd7 31. Rxb8 Bc6 32. Rc8 Bb7 33. Rc7 Ba8 34. Rxa7 Bc6 35. Rc7 Ba8 36. Rc8 Bb7 37. Rc7 Ba8 38. Rc8 Bb7 39. Rc7 Ba8 1/2-1/2


[Site "https://www.chess.com"]

[Event "Titled Tuesday Blitz January 03 Early 2023"]
[White "Klinova, Masha"]
[Black "Martinez, Shawn"]
[WhiteFideId "2802015"]
[BlackFideId "2039770"]
[WhiteElo "2250"]
[BlackElo "1881"]
[Result "1-0"]
[Round "05"]
[TimeControl "180+2"]
[Date "2023.01.03"]
[WhiteClock "0:00:43"]
[BlackClock "0:00:01"]

1. e4 c5 2. Nf3 e6 3. c4 Nc6 4. Nc3 a6 5. Be2 Qc7 6. O-O Nf6 7. d4 cxd4 8. Nxd4 b6 9. Be3 Bb7 10. f3 Be7 11. Rc1 O-O 12. Nd5 exd5 13. cxd5 Bd6 14. dxc6 Bxh2+ 15. Kh1 dxc6 16. f4 Bg3 17. Qc2 c5 18. Nf5 Nxe4 19. Bd3 Rae8 20. Rf3 Qd8 21. Kg1 Bh4 22. Rh3 Bf6 23. Ng3 Qe7 24. Re1 g6 25. Bd2 Bd4+ 26. Kh2 Nf2 27. Rxe7 Rxe7 28. Nf5 Ng4+ 29. Kg3 gxf5 30. Bxf5 Nf2 31. Bxh7+ Kg7 32. Qf5 Ne4+ 33. Kh2 Bc8 34. Qh5 Bxh3 35. Bxe4 Rxe4 36. gxh3 Rfe8 37. Qg5+ Kf8 38. Kg3 R8e6 39. f5 R6e5 40. Bf4 Rd5 41. Qh6+ 1-0


[Site "https://www.chess.com"]

[Event "Titled Tuesday Blitz January 03 Early 2023"]
[White "KSho99"]
[Black "Schut, Han"]
[BlackFideId "1005561"]
[WhiteElo "2118"]
[BlackElo "2101"]
[Result "0-1"]
[Round "05"]
[TimeControl "180+2"]
[Date "2023.01.03"]
[WhiteClock "0:01:58"]
[BlackClock "0:01:42"]

1. e4 c5 2. Nf3 d6 3. d4 cxd4 4. Qxd4 Nc6 5. Qe3 g6 6. Be2 Bg7 7. O-O Nf6 8. h3 O-O 9. Rd1 Qb6 10. Qf4 Nh5 11. Qh4 Bxb2 12. Bxb2 Qxb2 13. Nbd2 Qf6 14. Ng5 h6 15. Bxh5 hxg5 0-1


[Site "https://www.chess.com"]

[Event "Titled Tuesday Blitz January 03 Early 2023"]
[White "Bobomurodova, Maftuna"]
[Black "Kniazev, Igor"]
[WhiteFideId "14207400"]
[BlackFideId "4136349"]
[WhiteElo "1946"]
[BlackElo "2057"]
[Result "1-0"]
[Round "05"]
[TimeControl "180+2"]
[Date "2023.01.03"]
[WhiteClock "0:00:52"]
[BlackClock "0:00:31"]

1. e4 e5 2. Nf3 Nf6 3. Nc3 Bb4 4. d3 O-O 5. g3 d5 6. exd5 Nxd5 7. Bd2 Nxc3 8. bxc3 Bd6 9. Bg2 Nd7 10. O-O c6 11. Qe2 Re8 12. c4 Nc5 13. Bc3 Bg4 14. h3 Bh5 15. Qe3 Na4 16. Bd2 Bc5 17. Qe4 Bg6 18. Qg4 e4 19. Nh4 exd3 20. cxd3 Qxd3 21. Bg5 f5 22. Qf3 Qxf3 23. Bxf3 Nb2 24. Rab1 Nxc4 25. Rxb7 Nd2 26. Bxd2 Re7 27. Rxe7 Bxe7 28. Nxg6 hxg6 29. Bxc6 Rc8 30. Bd5+ Kh7 31. Be3 a5 32. Rc1 Rd8 33. Bf3 a4 34. Rc7 Bf6 35. Ra7 g5 36. Rxa4 Kg6 37. h4 gxh4 38. gxh4 Kh7 39. h5 Rd3 40. Ra7 f4 41. Be4+ Kh6 42. Bxd3 fxe3 43. fxe3 Bg5 44. Kf2 Kxh5 45. Ra6 Bh4+ 46. Kf3 g5 47. Bg6+ Kh6 48. Bf5+ Kg7 49. Ra7+ Kf6 50. e4 Ke5 51. Ra5+ Kf6 52. Rd5 Be1 53. a4 Bc3 54. a5 Be5 55. a6 Bb8 56. Rb5 Ba7 57. Rb7 Bc5 58. a7 Bxa7 59. Rxa7 Ke5 60. Ra5+ Kf6 61. Kg4 Kg7 62. Kxg5 Kf7 63. Ra7+ 1-0


[Site "https://www.chess.com"]

[Event "Titled Tuesday Blitz January 03 Early 2023"]
[White "Van den Dikkenberg, Erik"]
[Black "Johnson, Ben"]
[WhiteFideId "1005880"]
[BlackFideId "2010917"]
[WhiteElo "2091"]
[BlackElo "1961"]
[Result "1-0"]
[Round "05"]
[TimeControl "180+2"]
[Date "2023.01.03"]
[WhiteClock "0:00:38"]
[BlackClock "0:00:01"]

1. e4 c5 2. Nc3 Nc6 3. f4 g6 4. Nf3 Bg7 5. Bb5 Nd4 6. O-O a6 7. Bc4 e6 8. a4 b6 9. d3 Ne7 10. Nxd4 cxd4 11. Ne2 O-O 12. Bb3 d5 13. e5 Nc6 14. Qe1 f6 15. exf6 Bxf6 16. Qg3 Kh8 17. h3 Bd7 18. Bd2 Na5 19. Bxa5 bxa5 20. f5 gxf5 21. Nf4 Rg8 22. Qf3 Qc7 23. Rae1 Rae8 24. Kh1 Re7 25. Re2 Bh4 26. Qh5 Bg3 27. Nxd5 Be8 28. Qxe8 Rgxe8 29. Nxc7 Rxc7 30. Rf3 Bh4 31. Rxf5 exf5 32. Rxe8+ Kg7 33. Re5 Kf6 34. Rxa5 Re7 35. Rxa6+ Kg5 36. Re6 Rxe6 37. Bxe6 Be1 38. Kg1 Bd2 39. Kf2 h6 40. Kf3 f4 41. Ke4 h5 42. Kxd4 h4 43. Ke4 1-0


[Site "https://www.chess.com"]

[Event "Titled Tuesday Blitz January 03 Early 2023"]
[White "De Arruda, Leandro Formes"]
[Black "Winkels, Marcel"]
[WhiteFideId "22722009"]
[BlackFideId "1003887"]
[WhiteElo "1980"]
[BlackElo "1960"]
[Result "1-0"]
[Round "05"]
[TimeControl "180+2"]
[Date "2023.01.03"]
[WhiteClock "0:00:09"]
[BlackClock "0:00:04"]

1. d4 Nf6 2. Nf3 g6 3. g3 d5 4. Bg2 c6 5. O-O Bg7 6. Ne5 O-O 7. f4 Nfd7 8. e4 Nxe5 9. dxe5 dxe4 10. Bxe4 Qxd1 11. Rxd1 Bg4 12. Re1 Nd7 13. Nc3 Nb6 14. Bd3 Rad8 15. Be3 f6 16. exf6 exf6 17. Bxb6 axb6 18. Re7 b5 19. Rxb7 Rfe8 20. Rc7 Re6 21. a4 f5 22. axb5 cxb5 23. Rxg7+ Kxg7 24. Nxb5 Rb6 25. Ra7+ Kh6 26. Ra5 Bf3 27. Kf2 Bc6 28. Na7 Ba8 29. b3 Rd7 30. Nb5 Bc6 31. Nc3 Bb7 32. Na4 Rc6 33. Nc5 Rdc7 34. Nxb7 Rxb7 35. Ke3 Re7+ 36. Kd4 Rcc7 37. b4 Rcd7+ 38. Rd5 Rc7 39. b5 Rb7 40. c4 Ra7 41. Kc5 Ra3 42. b6 Rb3 43. Kc6 Kh5 44. c5 Kg4 45. Bc4 Rb4 46. Bb5 Rxb5 47. Kxb5 Re3 48. c6 Rb3+ 49. Ka6 Ra3+ 50. Kb7 Rb3 51. c7 Rc3 52. c8=Q Rxc8 53. Kxc8 Kf3 54. b7 Kg2 55. Rd2+ Kh3 56. b8=Q Kg4 57. Qc7 h5 58. Qg7 Kf3 59. Qxg6 Ke3 60. Qd6 Kf3 61. Qd3+ Kg4 62. Qe2+ Kh3 63. Qg2+ Kg4 64. h3# 1-0


[Site "https://www.chess.com"]

[Event "Titled Tuesday Blitz January 03 Early 2023"]
[White "Blindsplieler"]
[Black "monkins"]
[WhiteElo "2071"]
[BlackElo "2242"]
[Result "1-0"]
[Round "05"]
[TimeControl "180+2"]
[Date "2023.01.03"]
[WhiteClock "0:00:49"]
[BlackClock "0:00:01"]

1. d4 Nf6 2. c4 c5 3. d5 b5 4. cxb5 a6 5. bxa6 Bxa6 6. Nc3 g6 7. e4 Bxf1 8. Kxf1 d6 9. Nf3 Bg7 10. g3 O-O 11. Kg2 Na6 12. a4 Qd7 13. Qc2 Rfc8 14. Ra3 Nb4 15. Qe2 c4 16. Nb5 Nd3 17. Nfd4 Ng4 18. Be3 Nxe3+ 19. fxe3 Nc5 20. Rc1 Nxe4 21. Rxc4 Nf6 22. e4 Rxc4 23. Qxc4 Nxe4 24. b3 h5 25. Ra2 h4 26. Re2 h3+ 27. Kg1 Ng5 28. Qc6 Rd8 29. Qxd7 Rxd7 30. a5 Bxd4+ 31. Nxd4 Ra7 32. Nc6 Rb7 33. a6 Rxb3 34. a7 Ra3 35. Rb2 1-0


[Site "https://www.chess.com"]

[Event "Titled Tuesday Blitz January 03 Early 2023"]
[White "Feng, Maggie"]
[Black "Flis, Pawel"]
[WhiteFideId "2078090"]
[BlackFideId "1112864"]
[WhiteElo "2138"]
[BlackElo "1879"]
[Result "1-0"]
[Round "05"]
[TimeControl "180+2"]
[Date "2023.01.03"]
[WhiteClock "0:00:08"]
[BlackClock "0:00:01"]

1. Nf3 Nf6 2. g3 g6 3. b3 Bg7 4. Bb2 O-O 5. Bg2 c5 6. c4 d5 7. cxd5 Nxd5 8. Bxg7 Kxg7 9. O-O Nc6 10. d4 Nxd4 11. Nxd4 cxd4 12. Qxd4+ Nf6 13. Qe5 Qd6 14. Qxd6 exd6 15. Rd1 Rd8 16. Nc3 a6 17. Rac1 Be6 18. Bxb7 Ra7 19. Bf3 d5 20. Na4 Rdd7 21. Rc6 Rdc7 22. Rcc1 Ne4 23. Kg2 Nf6 24. Nb6 Rab7 25. Rxc7 Rxc7 26. Bxd5 Nxd5 27. Nxd5 Rc2 28. Nb4 Rxe2 29. Nxa6 Rxa2 30. Nc5 Rb2 31. Rd3 Bf5 32. Rc3 Rc2 33. Rxc2 Bxc2 34. b4 Kf8 35. Kf3 Ke7 36. Kf4 Kd6 37. Kg5 Kc6 38. Kh6 Kb5 39. Kxh7 Kxb4 40. Nd7 Kc4 41. Kg7 Kd3 42. Kxf7 Ke2 43. f4 Kf3 44. Ne5+ Kg2 45. Nxg6 Kxh2 46. g4 Kg3 47. g5 Kg4 48. Kf6 1-0


[Site "https://www.chess.com"]

[Event "Titled Tuesday Blitz January 03 Early 2023"]
[White "Barbashin, Igor"]
[Black "Necula, Iulian"]
[WhiteFideId "4155718"]
[BlackFideId "1232380"]
[WhiteElo "2169"]
[BlackElo "1851"]
[Result "1-0"]
[Round "05"]
[TimeControl "180+2"]
[Date "2023.01.03"]
[WhiteClock "0:00:21"]
[BlackClock "0:00:01"]

1. d4 f5 2. c4 Nf6 3. Nc3 d6 4. Nf3 g6 5. g3 Bg7 6. Bg2 O-O 7. O-O Qe8 8. e4 fxe4 9. Ng5 e5 10. dxe5 dxe5 11. Ncxe4 h6 12. Nxf6+ Rxf6 13. Ne4 Rf8 14. Be3 Nc6 15. Nc5 Nd4 16. Nxb7 Bxb7 17. Bxb7 Rb8 18. Bd5+ Kh7 19. b3 c6 20. Bg2 c5 21. Be4 Qf7 22. Qg4 Nf3+ 23. Bxf3 Qxf3 24. Qxf3 Rxf3 25. Bxc5 e4 26. Rad1 Rb7 27. Rfe1 Rc7 28. Rd5 Rf5 29. Be3 Re7 30. Red1 Rff7 31. Rd6 g5 32. g4 Be5 33. R6d5 Bf4 34. c5 Bxe3 35. fxe3 Rf3 36. Rd7 Rxd7 37. Rxd7+ Kg6 38. Rb7 Rxe3 39. Rxa7 Rc3 40. b4 e3 41. Kf1 h5 42. h3 hxg4 43. hxg4 Kf6 44. Ke2 Ke5 45. c6 Kf4 46. Rf7+ Ke4 47. Re7+ Kd4 48. c7 Rc2+ 49. Kd1 Rd2+ 50. Kc1 Rd3 51. c8=Q e2 52. Rxe2 1-0


[Site "https://www.chess.com"]

[Event "Titled Tuesday Blitz January 03 Early 2023"]
[White "Tharushi, T H D Niklesha"]
[Black "Hartikainen, Jarmo"]
[WhiteFideId "9918264"]
[BlackFideId "503134"]
[WhiteElo "1570"]
[BlackElo "2108"]
[Result "0-1"]
[Round "05"]
[TimeControl "180+2"]
[Date "2023.01.03"]
[WhiteClock "0:00:14"]
[BlackClock "0:00:17"]

1. e4 c5 2. Nf3 d6 3. Bb5+ Nd7 4. a4 Nf6 5. Nc3 e5 6. O-O Be7 7. a5 O-O 8. d3 Nb8 9. Bg5 Bg4 10. h3 Be6 11. Nd2 Nc6 12. a6 Qc7 13. Ne2 h6 14. Bxf6 Bxf6 15. c4 b6 16. Nb1 Rac8 17. Nbc3 Nd4 18. Nxd4 cxd4 19. Na2 Bg5 20. Nb4 f5 21. exf5 Rxf5 22. Bc6 Rcf8 23. Bd5 Bxd5 24. Nxd5 Qf7 25. Qe2 Bf4 26. Qe4 Kh8 27. Nxb6 Be3 28. Qd5 Bxf2+ 29. Kh1 Qg6 30. Nd7 R8f7 31. g4 Rf3 32. Ra3 Rxh3+ 33. Kg2 Qxg4# 0-1


[Site "https://www.chess.com"]

[Event "Titled Tuesday Blitz January 03 Early 2023"]
[White "Vargas, Mauricio"]
[Black "Dos Santos, Emmanuel"]
[WhiteFideId "4404572"]
[BlackFideId "2103559"]
[WhiteElo "2035"]
[BlackElo "2261"]
[Result "0-1"]
[Round "05"]
[TimeControl "180+2"]
[Date "2023.01.03"]
[WhiteClock "0:00:03"]
[BlackClock "0:00:09"]

1. e4 c5 2. Nc3 e6 3. f4 g6 4. Nf3 Bg7 5. g4 h5 6. g5 Nc6 7. Bg2 Nge7 8. d3 d6 9. O-O O-O 10. Ne2 Rb8 11. h4 b5 12. Ng3 d5 13. e5 a5 14. c3 b4 15. Bd2 Ba6 16. Be1 Qb6 17. Kh2 bxc3 18. bxc3 Qb2 19. Rf2 Qa3 20. Kh3 Rb7 21. Nh2 Rfb8 22. Nxh5 gxh5 23. Qxh5 Bxd3 24. Ng4 Bg6 25. Nh6+ Kh7 26. Qd1 Bxh6 27. h5 Bf5+ 28. Kh4 Bg7 29. Bf3 Rb2 30. Bd2 Rxd2 31. Rxd2 Rb2 0-1


[Site "https://www.chess.com"]

[Event "Titled Tuesday Blitz January 03 Early 2023"]
[White "Carlsen, Magnus"]
[Black "Xiong, Jeffery"]
[WhiteFideId "1503014"]
[BlackFideId "2047640"]
[WhiteElo "2853"]
[BlackElo "2692"]
[Result "1-0"]
[Round "06"]
[TimeControl "180+2"]
[Date "2023.01.03"]
[WhiteClock "0:00:13"]
[BlackClock "0:00:04"]

1. e4 c5 2. a3 g6 3. h4 d5 4. h5 Bg7 5. exd5 Qxd5 6. Nc3 Qd8 7. Bc4 Nc6 8. d3 Nd4 9. Nf3 gxh5 10. Nxd4 cxd4 11. Qxh5 e6 12. Ne4 Nf6 13. Qg5 Rg8 14. Bb5+ Kf8 15. Rxh7 Qe7 16. Rxg7 Rxg7 17. Qxf6 Qxf6 18. Nxf6 Rxg2 19. Kf1 Rg6 20. Bg5 Ke7 21. f4 Rxf6 22. Ke2 a6 23. Ba4 b5 24. Rh1 bxa4 25. Rh6 Bb7 26. Bxf6+ Kd6 27. Rh7 Rg8 28. Bxd4 Rg2+ 29. Bf2 Ke7 30. c4 Bc6 31. Ke3 Rg8 32. Bh4+ Ke8 33. Bf6 Rg6 34. Be5 f6 35. Bd6 Rg3+ 36. Kd4 Rg6 37. Re7+ Kd8 38. Rxe6 Kd7 39. f5 Rg4+ 40. Kc5 1-0


[Site "https://www.chess.com"]

[Event "Titled Tuesday Blitz January 03 Early 2023"]
[White "Vokhidov, Shamsiddin"]
[Black "Duda, Jan-Krzysztof"]
[WhiteFideId "14204223"]
[BlackFideId "1170546"]
[WhiteElo "2586"]
[BlackElo "2724"]
[Result "0-1"]
[Round "06"]
[TimeControl "180+2"]
[Date "2023.01.03"]
[WhiteClock "0:00:06"]
[BlackClock "0:00:06"]

1. e4 c5 2. Nf3 d6 3. Bb5+ Bd7 4. Bxd7+ Qxd7 5. c4 Nf6 6. Nc3 g6 7. d4 cxd4 8. Nxd4 Bg7 9. h3 O-O 10. O-O Rc8 11. b3 d5 12. exd5 Nxd5 13. Nxd5 e6 14. Bh6 exd5 15. Bxg7 Kxg7 16. cxd5 Qxd5 17. Nf3 Qxd1 18. Rfxd1 a5 19. Rd5 a4 20. Re1 a3 21. Re7 b6 22. Ng5 Ra5 23. Rxf7+ Kg8 24. Rxa5 bxa5 25. Rb7 Rc1+ 26. Kh2 Nc6 27. Nxh7 Nb4 28. Nf6+ Kf8 29. Nd7+ Ke8 30. Ne5 Nxa2 31. Ra7 Nb4 32. Rxa5 a2 33. Nd3 Nxd3 34. Rxa2 Rb1 35. Kg3 Rxb3 36. Re2+ Kf7 37. Re3 Kf6 38. h4 Rc3 39. f3 Kf5 40. Kh2 Kf4 41. Re4+ Kf5 42. Re3 Rb3 43. Kg3 Nc5 44. Rxb3 Nxb3 45. Kf2 Nd4 46. Ke3 Ne6 47. g4+ Ke5 48. h5 g5 49. Kd3 Kf4 50. Ke2 Nd4+ 51. Kf2 Nxf3 52. h6 Ne5 53. h7 Ng6 54. Kg2 Kxg4 55. Kh2 Kh4 56. Kg2 Nh8 57. Kh2 Nf7 58. Kg2 Kh5 59. Kg3 Kg6 60. Kg4 Nh6+ 0-1


[Site "https://www.chess.com"]

[Event "Titled Tuesday Blitz January 03 Early 2023"]
[White "Martinez Alcantara, Jose Eduardo"]
[Black "Ter-Sahakyan, Samvel"]
[WhiteFideId "3805662"]
[BlackFideId "13302531"]
[WhiteElo "2619"]
[BlackElo "2617"]
[Result "1-0"]
[Round "06"]
[TimeControl "180+2"]
[Date "2023.01.03"]
[WhiteClock "0:01:55"]
[BlackClock "0:00:50"]

1. e4 c5 2. Nf3 Nc6 3. c3 Nf6 4. Bd3 d5 5. e5 Ng4 6. Bb5 Bd7 7. Bxc6 Bxc6 8. d4 e6 9. O-O h5 10. Nbd2 Nh6 11. dxc5 Bxc5 12. Nb3 Be7 13. Nbd4 Rc8 14. Be3 Bd7 15. Qd2 Qa5 16. h3 a6 17. Rfe1 Qc7 18. Bg5 Bc5 19. Rad1 Kf8 20. Qf4 Kg8 21. Qh4 Bxd4 22. Nxd4 Nf5 23. Nxf5 exf5 24. Rxd5 Be6 25. Rd6 Qc4 26. Rd4 Qxa2 27. Red1 1-0


[Site "https://www.chess.com"]